 Dungeon Crawl Stone Soup version 0.30-a0-939-gc8157cb160 (webtiles) character file.

Game seed: 12767630577476219416

436 Jeffwins the Shooter (level 7, -1/56 HPs)
             Began as a Human Wanderer on Mar 26, 2023.
             Was an Initiate of Vehumet.
             Slain by a black bear (10 damage)
             ... on level 5 of the Dungeon.
             The game lasted 00:06:32 (3258 turns).

Jeffwins the Shooter (Human Wanderer)               Turns: 3258, Time: 00:06:32

Health: -1/56      AC:  7    Str:  9    XL:     7   Next: 21%
Magic:  7/7        EV: 10    Int: 11    God:    Vehumet [......]
Gold:   255        SH:  0    Dex: 19    Spells: 6/6 levels left

rFire   . . .      SeeInvis .    l - +2 dagger (venom)
rCold   . . .      Faith    .    (no shield)
rNeg    + . .      Spirit   .    h - +0 ring mail
rPois   .          Reflect  .    (no helmet)
rElec   .          Rampage  .    s - +0 cloak
rCorr   .                        n - +0 pair of gloves
Will    .....                    (no boots)
Stlth   ++                       (no amulet)
HPRegen 0.29/turn                N - ring of positive energy
MPRegen 0.10/turn                (no ring)

@: mighty
A: no striking features
a: Renounce Religion


You were on level 5 of the Dungeon.
You worshipped Vehumet.
Vehumet was noncommittal.
You visited 2 branches of the dungeon, and saw 7 of its levels.

You collected 255 gold pieces.


   Skills:
 + Level 5.0 Fighting
 * Level 5.3 Ranged Weapons
 + Level 3.5 Throwing
 - Level 1.0 Dodging
 + Level 3.0 Stealth
 + Level 0.3 Spellcasting


You had 6 spell levels left.
You didn't know any spells.
Your spell library contained the following spells:

 Spells                   Type           Power      Damage    Failure   Level
 Necrotise                Necr           0%         1d4       67%         1
 Vampiric Draining        Necr           0%         2d6       96%         3
 Agony                    Necr           0%         N/A       100%        5

Inventory:

Hand Weapons
 a - a +3 sling
 c - a +0 dagger
 l - a +2 dagger of venom (weapon)
Missiles
 b - 20 poisoned darts (quivered)
Armour
 e - a +0 robe
 h - a +0 ring mail (worn)
 n - a +0 pair of gloves (worn)
 s - a +0 cloak (worn)
Magical Staves
 t - a staff of fire
Jewellery
 N - a ring of positive energy (left hand)
Wands
 B - a wand of flame (32)
Scrolls
 d - a scroll of silence {!r}
 f - 4 scrolls of fog
 i - a scroll of enchant armour {unknown}
 k - a scroll of poison {!r}
 m - 3 scrolls of teleportation {@r4}
 o - 2 scrolls of blinking {unknown}
 r - a scroll of vulnerability {!r}
 u - 2 scrolls of immolation {unknown}
 v - 2 scrolls of noise {unknown}
 y - 2 scrolls of amnesia {unknown}
 z - a scroll of enchant weapon
 C - a scroll of magic mapping {unknown}
Potions
 j - a potion of invisibility {unknown}
 w - a potion of mutation {unknown}
 x - 2 potions of curing {unknown}
 A - a potion of berserk rage {unknown}
 D - 2 potions of flight {unknown}
 E - a potion of brilliance {unknown}

Dungeon Overview and Level Annotations

Branches:
Dungeon (6/15)             Temple (1/1) D:4

Altars:
Ashenzari
Cheibriados
Dithmenos
Elyvilon
Gozag
Kikubaaqudgha
Makhleb
Nemelex Xobeh
Okawaru
Qazlal
Sif Muna
Uskayaw
Vehumet
Yredelemnul
Zin
The Shining One

#........ ...
#........ ...
##.....### ...
#......# ..
#......# #.
##..###.#
#.##...# .# ..
#..#..####.###.#
..
#....lh@......#
..
#..######..####
r. #..# ..?? ..
#.>..# .... ..
#........ ... ..
#..##....... ..
.. .... .......
. .. .....
....... ##
...... .......


You could see a black bear (berserk, very poisoned) and an iguana.


Message History

The black bear claws you but does no damage.
You bump into the rock wall.
You feel less invigorated.
You feel less confused. The black bear barely misses you.
The black bear claws you but does no damage. x2
Unknown command.
You closely miss the black bear.
The black bear is severely wounded.
The black bear bites you.
* * * LOW HITPOINT WARNING * * *
The black bear closely misses you.
The black bear claws you but does no damage.
The black bear closely misses you. The black bear barely misses you.
The black bear completely misses you.
You hit the black bear.
The black bear is almost dead.
The black bear bites you.
* * * LOW HITPOINT WARNING * * *
The black bear barely misses you. The black bear claws you.
* * * LOW HITPOINT WARNING * * *
Unknown command.
You closely miss the black bear.
The black bear is almost dead.
The black bear bites you!
* * * LOW HITPOINT WARNING * * *
The black bear claws you.
* * * LOW HITPOINT WARNING * * *
The black bear claws you but does no damage.
The black bear bites you!
You die...

Skill      XL: |  1  2  3  4  5  6  7 |
---------------+----------------------+-----
Stealth        | 1 2 3 |  3.0
Ranged Weapons | 4 5 |  5.3
Throwing       | 3 |  3.5
Fighting       | 5 |  5.0
Dodging        | |  1.0
Spellcasting   | |  0.3

Action                     |  1- 3 |  4- 6 |  7- 9 || total
---------------------------+-------+-------+-------++-------
  Melee: Dagger            |       |       |     5 ||     5
   Fire: Sling             |    89 |   107 |    30 ||   226
    Use: Scroll            |       |     1 |     4 ||     5
         Potion            |       |       |     2 ||     2
 Armour: Ring mail         |     8 |    35 |    20 ||    63
  Dodge: Dodged            |    13 |    36 |    24 ||    73

Levels and vault maps discovered:
D:1:      lightli_iron_boxes, layout_loops_corners,
          dreamdust_ecumenical_altar_drowned_temple, fountainhead
D:2:      layout_basic, basic_altar
D:3:      layout_basic, overflow_temple_1_default, mainiacjoe_overflow_paths
D:4:      layout_basic, temple_statues
D:5:      layout_rooms, mainiacjoe_overflow_concentric_impassable
D:6:      layout_gridville, nicolae_ru_the_path_less_chosen,
          kennysheep_generic_room_15, uniq_sigmund, uniq_blork_the_orc,
          uniq_eustachio
Temple:   dshaligram_water_room_temple

Notes
Turn   | Place    | Note
-------+----------+-------------------------------------------
     0 | D:1      | Jeffwins the Human Wanderer began the quest for the Orb.
     0 | D:1      | Jeffwins set off with the following items: a +3 sling, 10
                  | poisoned darts, a +0 dagger, a scroll of silence {!r}, a +0
                  | robe.
     0 | D:1      | Reached XP level 1. HP: 19/19 MP: 1/1
    87 | D:1      | Reached XP level 2. HP: 25/25 MP: 2/2
   168 | D:1      | Found a faded altar of an unknown god.
   384 | D:1      | Reached XP level 3. HP: 30/30 MP: 3/3
   388 | D:1      | Reached skill level 1 in Stealth
   883 | D:2      | Found a glowing golden altar of the Shining One.
  1322 | D:2      | Reached XP level 4. HP: 28/37 MP: 4/4
  1779 | D:3      | Reached skill level 4 in Ranged Weapons
  1883 | D:2      | Reached XP level 5. HP: 39/43 MP: 5/5
  1902 | D:3      | Reached skill level 2 in Stealth
  1985 | D:3      | Noticed an ogre
  1991 | D:3      | Killed an ogre
  1992 | D:3      | Reached skill level 3 in Throwing
  1992 | D:3      | Reached XP level 6. HP: 42/49 MP: 6/6
  2062 | D:3      | Found a glowing golden altar of the Shining One.
  2212 | D:3      | Found a sparkling altar of Nemelex Xobeh.
  2458 | D:4      | You fall into a shaft and drop 2 floors!
  2510 | D:6      | Reached skill level 5 in Ranged Weapons
  2591 | D:5      | Entered Level 5 of the Dungeon
  2705 | D:4      | Found a staircase to the Ecumenical Temple.
  2714 | Temple   | Entered the Ecumenical Temple
  2789 | Temple   | Became a worshipper of Vehumet
  2822 | D:4      | Reached XP level 7. HP: 55/55 MP: 7/7
  2825 | D:4      | Reached skill level 5 in Fighting
  2874 | D:4      | Reached skill level 3 in Stealth
  3153 | D:5      | Found a stormy altar of Qazlal.
  3258 | D:5      | Slain by a black bear

Vanquished Creatures
  An ogre (D:3)
  A kobold brigand (D:6)
  A scorpion (D:4)
  A jelly (D:4)
  An orc priest (D:3)
  A hound (D:5)
  An orc wizard (D:3)
  An adder (D:4)
  2 worms
  A dart slug (D:1)
  8 orcs
  7 bats
  11 endoplasms
  3 giant cockroaches
  8 goblins
  6 hobgoblins
  3 jackals (D:5)
  7 kobolds
  6 quokkas
  10 ball pythons
  2 frilled lizards
  6 rats
  A spectral goblin (D:1)
89 creatures vanquished.

Table legend: (Time is in decaauts)
 A = Elapsed time spent in this place.
 B = Non-inter-level travel time spent in this place.
 C = Inter-level travel time spent in this place.
 D = Time resting spent in this place.
 E = Time spent auto-exploring this place.
 F = Levels seen in this place.
 G = Mean time per level.
                   A        B        C        D        E       F      G
               +--------+--------+--------+--------+--------+-----+--------+
         Total |   3346 |   3195 |    151 |     85 |   2481 |   7 |  478.0 |
       Dungeon |   3254 |   3118 |    136 |     85 |   2421 |   6 |  542.3 |
        Temple |     91 |     76 |     15 |      0 |     60 |   1 |   91.0 |
               +--------+--------+--------+--------+--------+-----+--------+

Top non-repeatable levels by time:
     D:1: 912 daAuts
     D:2: 888 daAuts
     D:3: 712 daAuts
     D:4: 413 daAuts
     D:5: 189 daAuts
     D:6: 137 daAuts
  Temple: 91 daAuts

Table legend:
 A = Non-vault XP
 B = Vault XP
 C = Vault XP percentage of total XP
 D = Non-vault monster count
 E = Vault monster count
 F = Vault count percentage of total count
                 A         B        C        D         E       F
            +---------+---------+-------+---------+---------+-------
      Total |     622 |       1 |   0.2 |      88 |       1 |   1.1
            +---------+---------+-------+---------+---------+-------
        D:1 |      48 |       1 |   2.0 |      27 |       1 |   3.6
        D:2 |      33 |       0 |   0.0 |      16 |       0 |   0.0
        D:3 |     237 |       0 |   0.0 |      22 |       0 |   0.0
        D:4 |     152 |       0 |   0.0 |      15 |       0 |   0.0
        D:5 |      45 |       0 |   0.0 |       4 |       0 |   0.0
        D:6 |     107 |       0 |   0.0 |       4 |       0 |   0.0
            +---------+---------+-------+---------+---------+-------
